Map: Ancient Cistern LE

Players

pricolЗО

  • Race: Zerg Zerg
  • League: Platinum
  • Spawn Location: 1:00

jul - Winner!

  • Race: Terran Terran
  • League: Silver
  • Spawn Location: 7:00

VOD

Have the link to the VOD?

Description

Time

  • Played on: Feb. 16, 2023, 3:10 p.m.
  • Length: 11:56
Show
View Real Time Build Order
Export as new Build Order

pricolЗО Zerg 

Build Orders: Hatch First 

Get SALT Encoding   

  12  0:01  Drone  
  13  0:12  Drone  
  14  0:16  Overlord  
  14  0:35  Drone x2  
  16  0:38  Drone  
  17  0:53  Hatchery  
  17  0:57  Drone  
  17  0:58  Drone  
  18  1:11  Extractor  
  17  1:15  Spawning Pool  
  17  1:17  Drone  
  17  1:21  Drone  
  18  1:30  Drone  
  19  1:39  Drone  
  20  1:50  Overlord  
  20  2:01  Queen  
  20  2:05  Queen  
  20  2:06  Zergling x4  
  26  2:13  Metabolic Boost  
  26  2:25  Hatchery  
  24  2:37  Drone x2  
  24  2:43  Queen  
  28  2:49  Overlord  
  28  2:57  Drone x3  
  31  3:03  Drone  
  32  3:19  Overlord  
  32  3:23  Queen  
  34  3:38  Roach Warren  
  32  3:42  Queen  
  32  3:43  Drone  
  32  3:44  Drone x5  
  40  3:50  Lair  
  40  4:03  Queen  
  40  4:05  Extractor  
  40  4:06  Drone x3  
  44  4:10  Overlord  
  44  4:12  Zergling x2  
  45  4:24  Extractor  
  44  4:34  Drone x5  
  49  4:49  Drone x4  
  49  4:50  Drone  
  54  4:59  Glial Reconstitution  
  54  5:01  Drone x3  
  57  5:11  Extractor  
  56  5:16  Evolution Chamber  
  56  5:17  Roach, Evolution Chamber  
  56  5:18  Roach x5  
  56  5:19  Overlord x2  
  65  5:43  Roach x8  
  72  6:17  Drone x3  
  72  6:18  Drone x2  
  77  6:24  Queen  
  79  6:27  Zerg Ground Armor Level 1, Zerg Missile Weapons Level 1  
  79  6:34  Spire  
  79  6:39  Roach  
  74  6:40  Roach x6  
  66  7:01  Roach  
  66  7:02  Roach x7  
  82  7:29  Roach  
  82  7:30  Roach x4  
  62  7:53  Drone x3  
  62  7:54  Drone  
  66  8:07  Roach x4  
  66  8:11  Hydralisk Den  
  73  8:19  Roach x4  
  81  8:26  Overlord  
  76  8:46  Roach x4  
  78  8:57  Muscular Augments  
  78  9:03  Hydralisk  
  78  9:04  Hydralisk x5  
  90  9:17  Lurker Den  
  87  9:34  Roach  
  87  9:35  Roach x6  
  77  9:47  Roach x7  
  69  10:00  Roach x6  
  65  10:15  Hydralisk  
  65  10:16  Hydralisk x2  
  65  10:18  Roach x2  
  65  10:19  Queen  
  65  10:20  Queen  
  81  10:21  Hydralisk  
  81  10:40  Hydralisk  
  81  10:41  Hydralisk x2  
  81  10:44  Lurker  
  81  10:48  Lurker  
  82  10:55  Hydralisk  
  66  11:08  Roach x7  
  43  11:21  Lurker  
Show
View Real Time Build Order
Export as new Build Order

jul Terran - Winner!

Build Orders:  

Get SALT Encoding   

  12  0:00  SCV  
  13  0:12  SCV  
  14  0:17  Supply Depot  
  14  0:29  SCV  
  15  0:40  Barracks  
  15  0:41  SCV  
  16  0:51  Refinery  
  16  0:54  SCV  
  17  1:06  SCV  
  18  1:18  SCV  
  19  1:30  SCV  
  19  1:32  Command Center  
  20  1:34  Reaper  
  21  1:42  Orbital Command  
  21  1:56  Supply Depot  
  21  2:08  SCV  
  22  2:11  Marine  
  23  2:20  SCV  
  23  2:22  Bunker  
  24  2:32  SCV  
  24  2:33  Barracks  
  24  2:37  Barracks  
  24  2:41  Barracks Reactor  
  24  2:49  SCV  
  24  2:50  Engineering Bay  
  25  2:59  Orbital Command  
  25  3:01  SCV  
  26  3:13  SCV  
  26  3:19  Marine x2  
  29  3:27  Barracks Tech Lab x2  
  28  3:33  SCV x2  
  30  3:37  Marine  
  30  3:45  SCV x2  
  36  3:48  Marauder x2, Marine  
  36  3:51  Terran Infantry Weapons Level 1  
  36  3:54  Marine  
  38  3:57  SCV  
  38  3:58  Stimpack  
  39  4:02  Concussive Shells  
  39  4:06  Marine  
  39  4:09  Marine x2  
  42  4:12  Marine  
  43  4:21  SCV x2  
  43  4:22  Supply Depot  
  45  4:24  Marine  
  45  4:29  Supply Depot  
  46  4:35  SCV x2, Marine x2  
  50  4:38  Marine  
  50  4:42  Marine  
  52  4:47  SCV x2  
  54  4:53  Marauder x2  
  54  4:56  Marine  
  54  4:59  SCV  
  60  5:03  SCV, Barracks  
  60  5:05  Marine  
  60  5:07  Barracks  
  62  5:10  Barracks  
  62  5:14  Marine  
  62  5:15  Marauder x2  
  67  5:23  Marine  
  68  5:32  Marine  
  68  5:33  Supply Depot  
  68  5:35  Supply Depot  
  69  5:41  Marine  
  70  5:50  Marine  
  70  5:55  Marauder x2, Supply Depot  
  70  5:56  Marine x3  
  75  5:59  Marine  
  68  6:08  Marine  
  63  6:14  Marine x3  
  63  6:17  Marauder x2, Marine  
  71  6:26  Marine  
  71  6:31  Marine  
  73  6:38  Marauder x2  
  70  6:44  Marine  
  70  6:45  Marine x3  
  73  6:58  Marine  
  73  6:59  Marauder x2  
  78  7:02  Marine x2  
  78  7:03  Marine x2  
  82  7:16  Marine  
  82  7:20  Marine x2  
  82  7:21  Marauder x2, Marine x2  
  81  7:34  Marine  
  69  7:38  Marine x3  
  69  7:39  Marine  
  69  7:42  Marauder x2  
  71  7:52  Marine  
  71  7:55  Barracks  
  71  7:56  Barracks x2, Marine x4  
  72  8:01  Barracks  
  72  8:03  Marauder  
  72  8:04  Marauder  
  76  8:06  Supply Depot  
  76  8:07  Supply Depot x2  
  76  8:10  Supply Depot, Marine  
  77  8:14  Marine x4  
  81  8:25  Marauder x2  
  85  8:27  Marine  
  85  8:31  Marine  
  85  8:32  Marine x3  
  90  8:45  Marine  
  90  8:46  Marauder x2  
  90  8:47  Marine x2  
  80  8:48  Marine x2  
  80  8:49  Marine x2  
  80  8:50  Marine x2  
  83  9:03  Marine  
  83  9:05  Marine x2  
  83  9:06  Marine x2  
  83  9:07  Marine x3  
  83  9:08  Marauder x2  
  95  9:14  Supply Depot  
  95  9:15  Marine  
  96  9:19  Supply Depot  
  96  9:21  Marine  
  96  9:23  Marine x2  
  99  9:24  Marine x2  
  99  9:25  Marine x3  
  99  9:29  Marauder x2  
  108  9:33  Marine  
  98  9:38  Supply Depot  
  98  9:39  Marine  
  98  9:41  Marine x2  
  98  9:42  Marine x2  
  98  9:43  Marine x3  
  104  9:50  Marauder x2  
  104  9:51  Marine  
  102  9:56  Marine  
  102  9:58  Marine  
  102  9:59  Marine x2  
  97  10:00  Marine x2  
  97  10:01  Marine  
  93  10:11  Marine x2  
  93  10:12  Marauder x2  
  90  10:14  Marine  
  90  10:16  Marine x2  
  90  10:17  Marine  
  94  10:23  Marine  
  94  10:24  Marine x2  
  97  10:29  Marine x2  
  97  10:32  Marine  
  97  10:33  Marauder x2  
  104  10:46  Marine x3  
  104  10:47  Marine x2  
  109  10:55  Marauder x2  
  112  10:58  Marine x3  
  112  10:59  Marine  
  112  11:04  Marine  
  106  11:15  Marine x4  
  106  11:16  Marauder x2, Marine x4  
  118  11:21  Marine  
  118  11:37  Marine x6  
  118  11:38  Marine  
Tags
 
Add a new tag
Caveats
  • Supply blocks, unpowered buildings, or Contaminate may cause inaccurate times.
  • Supply counts are checked every 10 seconds.